AoeStats
← Balili

Four Lakes

509751562Analyzed
1v1 RM · 6d ago on Sep 27, 2026· 30m 5s· 2 players
Game mode
Random Map
Map size
Tiny (2 player)
Population
200
Speed
Normal
Resources
Standard
Victory
Conquest
Starting age
Dark Age
Ending age
Imperial Age
RankedLock teamsTeams togetherTeam positionsShared explorationLock speedFull tech treeHidden civsTurbo modeCheats
Victory
Defeat
🇺🇸 Vikings · United States
1211
+17
🇨🇷 Italians · Costa Rica
1238
-17
Balili
10:09 Feudal Age
10:40 Double-Bit Axe
11:36 Man-at-Arms
14:08 Arson
16:05 Scale Mail Armor
19:37 Castle Age
19:04 Fletching
20:32 Long Swordsman
21:48 Town Watch
22:22 Gold Mining
23:01 Squires
26:05 Scale Barding Armor
25:49 Loom
Demax
6:40 Loom
11:02 Feudal Age
11:33 Double-Bit Axe
20:19 Bloodlines
20:39 Fletching
23:13 Wheelbarrow
22:21 Horse Collar
22:33 Gold Mining
26:40 Castle Age
25:31 Padded Archer Armor
26:41 Man-at-Arms
26:45 Crossbowman
27:50 Bodkin Arrow
Connection lost

Rejoining the realm…

Still unreachable

The connection could not be restored.

Session expired

The server has moved on; the page needs a fresh start.